 Dungeon Crawl Stone Soup version 0.30-a0-920-g7493c07aab (webtiles) character file.

Game seed: 6623987456118423677

1196 cheesebisquit the Grappler (level 8, -8/80 HPs)
             Began as a Troll Fighter on Mar 21, 2023.
             Mangled by an orc warrior
             ... wielding a +0 battleaxe
              (14 damage)
             ... on level 6 of the Dungeon.
             The game lasted 00:13:56 (5062 turns).

cheesebisquit the Grappler (Troll Fighter)          Turns: 5062, Time: 00:13:57

Health: -8/80      AC:  4    Str: 26 (27) XL:     8   Next: 20%
Magic:  7/7        EV:  8    Int:  1 (4)  God:
Gold:   195        SH:  7    Dex:  7 (9)  Spells: 7/7 levels left

rFire   . . .      SeeInvis .      - Unarmed
rCold   . . .      Faith    .    b - +0 kite shield
rNeg    . . .      Spirit   .    a - +0 robe
rPois   .          Reflect  .    (helmet restricted)
rElec   .          Rampage  .    (no cloak)
rCorr   .                        (gloves unavailable)
Will    .....                    (boots unavailable)
Stlth   +                        (no amulet)
HPRegen 1.13/turn                (no ring)
MPRegen 0.10/turn                (no ring)

@: no status effects
A: large, unfitting armour, claws 3, regeneration 1, shaggy fur 1, tough skin 1
a: no special abilities


You were on level 6 of the Dungeon.
You visited 1 branch of the dungeon, and saw 6 of its levels.

You collected 195 gold pieces.

Inventory:

Hand Weapons
 f - a +0 dagger
Missiles
 c - 2 boomerangs
 h - a datura-tipped dart (quivered)
 n - 3 poisoned darts
 x - 34 stones
Armour
 a - a +0 robe (worn)
 b - a +0 kite shield (worn)
 t - a +0 pair of boots
Jewellery
 v - a ring of wizardry
Wands
 u - a wand of iceblast (5)
Scrolls
 d - a scroll of acquirement {unknown}
 e - a scroll of fog {unknown}
 i - 2 scrolls of teleportation {unknown}
 j - a scroll of summoning {unknown}
 k - 2 scrolls of poison
 l - a scroll of torment {unknown}
 m - a scroll of blinking {unknown}
 o - 2 scrolls of vulnerability {unknown}
 p - 5 scrolls of identify {unknown}
 s - a scroll of fear {unknown}
Potions
 g - 2 potions of degeneration
 r - a potion of attraction {unknown}
 w - a potion of ambrosia {unknown}
 z - a potion of flight {unknown}


   Skills:
 + Level 5.2 Fighting
 + Level 1.3 Throwing
 - Level 2.4 Dodging
 - Level 2.6 Shields
 * Level 8.1 Unarmed Combat


You had 7 spell levels left.
You didn't know any spells.
Your spell library contained the following spells:

 Spells                   Type           Power      Damage    Failure   Level
 Sandblast                Erth           0%         2d4       86%         1
 Sting                    Tmut/Pois      0%         1d3       86%         1
 Passwall                 Tmut/Erth      0%         N/A       95%         2
 Poisonous Vapours        Pois/Air       0%         N/A       95%         2
 Olgreb's Toxic Radiance  Pois           0%         N/A       100%        4
 Statue Form              Tmut/Erth      0%         N/A       100%        6
 Malign Gateway           Summ/Tloc      0%         N/A       100%        7


Dungeon Overview and Level Annotations

Branches:
Dungeon (6/15)
 Temple: D:4-7

Altars:
Ashenzari
Uskayaw
Vehumet
Yredelemnul


Innate Abilities, Weirdness & Mutations

You are too large for most types of armour.
You have claws for hands.
Your natural rate of healing is unusually fast.
You are covered in fur. (AC +1)
You have tough skin. (AC +1)


Message History

The orc warrior hits you with a +0 battleaxe!
The orc priest closely misses you.
You claw the orc warrior!
The orc warrior is heavily wounded.
You block the orc's attack.
The orc wizard gestures at you while chanting.
The puff of flame hits you! The orc priest hits you with a +0 club.
* * * LOW HITPOINT WARNING * * *
The orc warrior hits you with a +0 battleaxe!
* * * LOW HITPOINT WARNING * * *
The orc priest hits you with a +0 morningstar.
* * * LOW HITPOINT WARNING * * *
The orc wizard attacks as you move away!
The orc wizard hits you with a +0 dagger.
* * * LOW HITPOINT WARNING * * *
The orc hits you with a +0 mace.
* * * LOW HITPOINT WARNING * * *
You feel better. The orc hits you with a +0 mace.
* * * LOW HITPOINT WARNING * * *
The orc priest calls upon Beogh to heal the orc warrior.
The orc warrior is healed somewhat.
The orc priest hits you but does no damage.
You block the orc warrior's attack. The orc wizard closely misses you.
It was a potion of degeneration.
There was something very wrong with that liquid.
You feel weakened.
You feel dopey.
You feel clumsy. The orc barely misses you. The orc priest closely misses you.
You block the orc warrior's attack.
The orc priest calls upon Beogh to heal the orc warrior.
The orc warrior is healed somewhat.
Okay, then.
The air fills with toxic fumes!
As you read the scroll labelled CUVAPP QEVVU, it crumbles to dust.
It was a scroll of poison.
The orc barely misses you.
The orc priest mumbles some strange prayers to Beogh against you.
Pain shoots through your body!
* * * LOW HITPOINT WARNING * * *
The orc priest barely misses you.
The orc warrior hits you with a +0 battleaxe!
You die...

.......# ######
##.###.# ##+##§§§§#
##.###'##...##§§§§#
....+.......#§§§§§#
....#.......#§§§§§#
....#.......##§§§§#
....#.......##§§o§##
....#.†......+§o§o§#
##.###.#######§o@o§#
######.##...##§§§§§#
............####§###
............##>§§§#
...............§§§#
..............§§§§§...
...###.##...##§§§§##..#
######.####+####### .#
............# #


You could see an orc warrior, 2 orc priests, an orc wizard and an orc.

Vanquished Creatures
  A sky beast (D:6)
  An orc warrior (D:5)
  A phantom (D:5)
  2 scorpions (D:5)
  3 hounds
  A jelly (D:6)
  4 orc priests
  4 iguanas
  2 sleepcaps
  3 orc wizards (D:5)
  Terence (D:2)
  7 gnolls
  6 adders
  9 river rats (D:5)
  A shadow imp (D:5)
  5 dart slugs
  15 orcs
  6 ball pythons
  4 bats
  4 endoplasms
  4 giant cockroaches
  9 goblins
  7 hobgoblins
  8 jackals
  4 quokkas
  2 frilled lizards (D:2)
  8 kobolds
  18 rats
140 creatures vanquished.

Notes
Turn   | Place    | Note
-------+----------+-------------------------------------------
     0 | D:1      | cheesebisquit the Troll Fighter began the quest for the
                  | Orb.
     0 | D:1      | Reached XP level 1. HP: 22/22 MP: 0/0
    42 | D:1      | Reached XP level 2. HP: 29/29 MP: 1/1
   262 | D:1      | Reached skill level 3 in Unarmed Combat
   322 | D:1      | Reached XP level 3. HP: 36/36 MP: 2/2
   444 | D:1      | Got the Grimoire of the Fjord and Transportation
   663 | D:2      | Reached XP level 4. HP: 45/45 MP: 3/3
   698 | D:2      | Noticed Terence
   701 | D:2      | Killed Terence
   702 | D:2      | Reached skill level 4 in Unarmed Combat
   904 | D:2      | Found a basalt altar of Yredelemnul.
  1432 | D:3      | Found a radiant altar of Vehumet.
  1462 | D:3      | Reached XP level 5. HP: 53/53 MP: 4/4
  1501 | D:3      | You fall into a shaft and drop 2 floors!
  1501 | D:5      | Entered Level 5 of the Dungeon
  1541 | D:5      | Reached skill level 5 in Unarmed Combat
  1566 | D:5      | Noticed an orc warrior
  1576 | D:5      | Killed an orc warrior
  1577 | D:5      | Reached XP level 6. HP: 38/62 MP: 5/5
  1677 | D:4      | Found a hide-covered altar of Uskayaw.
  2725 | D:4      | Reached skill level 6 in Unarmed Combat
  3140 | D:5      | Reached XP level 7. HP: 70/70 MP: 6/6
  3298 | D:5      | Reached skill level 7 in Unarmed Combat
  3814 | D:5      | Reached skill level 5 in Fighting
  4374 | D:4      | Found a hide-covered altar of Uskayaw.
  4780 | D:5      | Reached XP level 8. HP: 21/80 MP: 7/7
  4930 | D:6      | Reached skill level 1 in Throwing
  4930 | D:6      | Reached skill level 8 in Unarmed Combat
  4930 | D:6      | Found a broken altar of Ashenzari.
  5059 | D:6      | HP: 4/80 [orc wizard/+0 dagger (1)]
  5059 | D:6      | HP: 1/80 [orc/+0 mace (5)]
  5062 | D:6      | Mangled by an orc warrior

Illustrated notes

Levels and vault maps discovered:
D:1:      minmay_arrival_loop, layout_basic, chequers_serial_rivers_micro_c
D:2:      layout_loops_ring, basic_altar, uniq_terence
D:3:      layout_loops_cross, mainiacjoe_overflow_small_starburst,
          serial_co_window_serial, co_window_corner_a,
          co_window_of_opportunity_a, co_window_cross_1,
          co_window_of_opportunity_a, co_window_paths_a, co_window_corner_a,
          co_window_paths_b, co_window_paths_c, co_window_broadway_c,
          co_window_of_opportunity_b, co_window_broadway_c,
          co_window_unsneaky_path_a, co_window_paths_d, co_window_4corner_b,
          glass_columns_a, glass_columns_c, glass_columns_a, glass_columns_b
D:4:      layout_cave_pools, mainiacjoe_overflow_surrounded_room
D:5:      layout_loops_ring, dk_rats_in_the_wall
D:6:      layout_gridville, ashenzari_conservatory_becter, trog_book,
          uniq_duvessa

Skill      XL: |  1  2  3  4  5  6  7  8 |
---------------+-------------------------+-----
Unarmed Combat | 3 4 5 6 7 8 |  8.1
Fighting       | 3 4 5 |  5.2
Throwing       | 1 |  1.3
Dodging        | |  2.4
Shields        | |  2.6

Action                     |  1- 3 |  4- 6 |  7- 9 || total
---------------------------+-------+-------+-------++-------
  Melee: Unarmed           |    59 |   168 |   156 ||   383
  Throw: Dart              |     2 |     3 |       ||     5
    Use: Potion            |       |     1 |     3 ||     4
         Scroll            |       |       |     1 ||     1
   Stab: Sleeping          |       |     1 |       ||     1
 Armour: Robe              |    14 |    37 |    36 ||    87
  Dodge: Dodged            |    15 |    48 |    60 ||   123
  Block: Kite shield       |    15 |    40 |    48 ||   103

Table legend: (Time is in decaauts)
 A = Elapsed time spent in this place.
 B = Non-inter-level travel time spent in this place.
 C = Inter-level travel time spent in this place.
 D = Time resting spent in this place.
 E = Time spent auto-exploring this place.
 F = Levels seen in this place.
 G = Mean time per level.
                   A        B        C        D        E       F      G
               +--------+--------+--------+--------+--------+-----+--------+
         Total |   5077 |   4536 |    541 |    154 |   3452 |   6 |  846.2 |
       Dungeon |   5077 |   4536 |    541 |    154 |   3452 |   6 |  846.2 |
               +--------+--------+--------+--------+--------+-----+--------+

Top non-repeatable levels by time:
     D:5: 1198 daAuts
     D:3: 1120 daAuts
     D:4: 949 daAuts
     D:2: 839 daAuts
     D:1: 747 daAuts
     D:6: 221 daAuts
